 Dungeon Crawl Stone Soup version 0.24-a0-278-gefa1973 (webtiles) character file.

Game seed: 4757371086572196245

396 MatthieuS the Sneak (level 6, -1/50 HPs)
             Began as a Deep Dwarf Enchanter on Apr 29, 2019.
             Was a Believer of Elyvilon.
             Slain by Edmund
             ... wielding a +2 dire flail of crushing
              (9 damage)
             ... on level 4 of the Dungeon.
             The game lasted 00:12:58 (3675 turns).

MatthieuS the Sneak (Deep Dwarf Enchanter)          Turns: 3675, Time: 00:12:59

Health: -1/50      AC:  2    Str: 16    XL:     6   Next: 52%
Magic:  17/19 (10) EV: 12    Int: 18    God:    Elyvilon [**....]
Gold:   185        SH:  0    Dex: 13    Spells: 2/11 levels left

rFire    . . .     SeeInvis .   a - +1 dagger
rCold    . . .     Gourm    .   (no shield)
rNeg     . . .     Faith    .   b - +0 robe
rPois    .         Spirit   .   (no helmet)
rElec    .         Reflect  .   (no cloak)
rCorr    .         Harm     .   (no gloves)
MR       .....                  (no boots)
Stlth    +++.......             (no amulet)
HPRegen  0.00/turn              f - +5 ring of strength
MPRegen  0.16/turn              h - ring of magical power

@: very slightly contaminated, non-regenerating
A: damage resistance, heal wounds, sense surroundings 1, no regeneration
a: Heal Wounds, Lesser Healing, Heal Other, Divine Protection, Renounce Religion


You were on level 4 of the Dungeon.
You worshipped Elyvilon.
Elyvilon was pleased with you.
You were not hungry.

You visited 1 branch of the dungeon, and saw 4 of its levels.

You collected 185 gold pieces.

Inventory:

Hand Weapons
 a - a +1 dagger (weapon)
Armour
 b - a +0 robe (worn)
Jewellery
 f - a +5 ring of strength (left hand)
   (You found it on level 1 of the Dungeon)
 h - a ring of magical power (right hand)
   (You found it on level 2 of the Dungeon)
Wands
 q - a wand of enslavement (5)
   (You found it on level 4 of the Dungeon)
 t - a wand of flame (4)
   (You found it on level 2 of the Dungeon)
Scrolls
 c - a scroll of fear {unknown}
 d - 2 scrolls of teleportation {@r4}
 i - 3 scrolls of remove curse {@r2}
 j - a scroll of immolation {unknown}
 l - a scroll of fog
 m - 3 scrolls of identify {@r1}
 n - 2 scrolls of blinking {unknown}
 p - 3 scrolls of enchant weapon {unknown}
Potions
 g - a potion of degeneration {unknown}
 k - a potion of might {unknown}
 o - 2 potions of mutation {unknown}
 r - a potion of invisibility {unknown}
Comestibles
 e - a ration


   Skills:
 + Level 0.5 Fighting
 * Level 2.9 Short Blades
 - Level 2.1 Dodging
 + Level 4.7 Stealth
 * Level 3.2 Spellcasting
 * Level 3.6 Hexes
 + Level 1.6 Ice Magic
 + Level 1.0 Invocations


You had 2 spell levels left.
You knew the following spells:

 Your Spells              Type           Power        Failure   Level  Hunger
a - Corona                Hex            ###....      3%          1    None
b - Ensorcelled Hibernat  Hex/Ice        ##....       9%          2    ##.....
c - Tukima's Dance        Hex            ###.....     11%         3    ###....
x - Confuse               Hex            ###.....     11%         3    ###....

Your spell library contained the following spells:

 Spells                   Type           Power        Failure   Level  Hunger
 Dazzling Spray           Conj/Hex       #.....       22%         3    ###....


Dungeon Overview and Level Annotations

Branches:
Dungeon (4/15)
 Temple: D:4-7

Altars:
Elyvilon
Gozag
Makhleb

Shops:
D:4 (

Annotations:
D:3 3 runed translucent doors, jgonzale2218's ghost, amateur OpAs
D:4 Edmund


Innate Abilities, Weirdness & Mutations

You are resistant to damage.
You can heal yourself by infusing magical energy.
You passively map a small area around you.
You do not regenerate.


Message History

You now have 185 gold pieces (gained 7).
Found a sedimented orange potion.
r - a sedimented orange potion
Found a stone staircase leading up.
You open the door.
There is an open door here.
There is an open door here.
There is an open door here.
You are feeling hungry.
You open the door.
There is an open door here.
You open the door.
There is an open door here.
You open the door.
There is an open door here.
You open the door.
Found Zaozudim's Antique Weapon Boutique.
There is an open door here.
You are healed.
You feel somewhat more hungry.
Edmund the Younger comes into view.
He is wielding a +2 dire flail of crushing.
Found a cyan potion.
You eat one of the 2 rations.
That ration really hit the spot!
Edmund shouts!
Aim: Edmund, wielding a +2 dire flail of crushing and wearing a +0 ring mail (chance to defeat MR: 43%)
You miscast Ensorcelled Hibernation.
You are very lightly contaminated with residual magic.
You hear an indistinct dissonance whispering inside your mind.
Aim: Edmund, wielding a +2 dire flail of crushing and wearing a +0 ring mail (chance to defeat MR: 43%) Edmund looks drowsy...
The helpless Edmund fails to defend himself.
You impale Edmund!!
Edmund hits you with a +2 dire flail of crushing!
* * * LOW HITPOINT WARNING * * *
You barely miss Edmund.
Edmund hits you with a +2 dire flail of crushing.
Edmund asks, "Have you met my wondrous brother?"
Aim: Edmund, wielding a +2 dire flail of crushing and wearing a +0 ring mail (heavily wounded)
The puff of flame hits Edmund.
Edmund closely misses you.
Aim: Edmund, wielding a +2 dire flail of crushing and wearing a +0 ring mail (severely wounded)
The puff of flame hits Edmund.
Edmund hits you with a +2 dire flail of crushing!
* * * LOW HITPOINT WARNING * * *
Aim: Edmund, wielding a +2 dire flail of crushing and wearing a +0 ring mail (severely wounded)
The puff of flame hits Edmund!
Edmund hits you with a +2 dire flail of crushing!
* * * LOW HITPOINT WARNING * * *
There is an open door here.
You fail to use your ability.
Edmund hits you with a +2 dire flail of crushing!
You die...

,
.................#...........
......∩..........#...........
.................'...........
.................#...........
.................#...........
,
,.................#...........
.................#...........
,
...........@.....############
#+##########@#...............
, #......#...........<... , ,
,#......'............... ,
#......#.............). ,
#......#...............
#####..#............... * ,
,###############.... , ,, , ,
#.... + * , #....


You could see Edmund.

Vanquished Creatures
  Sigmund (D:4)
  A bullfrog (D:3)
  An orc priest (D:3)
  6 adders
  2 river rats (D:3)
  An ooze (D:2)
  2 worms
  4 leopard geckos
  6 orcs (D:3)
  4 giant cockroaches
  3 goblins
  5 hobgoblins
  4 jackals (D:1)
  3 kobolds
  3 quokkas
  4 ball pythons (D:3)
  3 bats
  3 frilled lizards (D:3)
  7 rats
63 creatures vanquished.

Notes
Turn   | Place    | Note
-------+----------+-------------------------------------------
     0 | D:1      | MatthieuS the Deep Dwarf Enchanter began the quest for the
                  | Orb.
     0 | D:1      | Reached XP level 1. HP: 15/15 MP: 3/3
    93 | D:1      | Reached skill level 1 in Short Blades
   401 | D:1      | Reached XP level 2. HP: 17/22 MP: 5/5
  1009 | D:2      | Learned a level 2 spell: Ensorcelled Hibernation
  1152 | D:2      | Reached XP level 3. HP: 19/28 MP: 6/6
  1629 | D:2      | Found a white marble altar of Elyvilon.
  1636 | D:2      | Became a worshipper of Elyvilon the Healer
  2044 | D:2      | Reached skill level 4 in Stealth
  2164 | D:3      | Reached XP level 4. HP: 22/36 MP: 7/7
  2324 | D:3      | Found a runed translucent gate.
  2325 | D:3      | Found a runed translucent gate.
  2326 | D:3      | Found an opulent altar of Gozag.
  2326 | D:3      | Found a runed translucent gate.
  2327 | D:3      | Noticed jgonzale2218's ghost (amateur OpAs)
  2327 | D:3      | Noticed a hippogriff
  2357 | D:3      | Reached * piety under Elyvilon
  2780 | D:3      | Reached skill level 1 in Ice Magic
  2858 | D:3      | Noticed a bullfrog
  2868 | D:3      | Killed a bullfrog
  2868 | D:3      | Reached XP level 5. HP: 32/42 MP: 9/9
  3197 | D:3      | Learned a level 3 spell: Confuse
  3348 | D:3      | Learned a level 3 spell: Tukima's Dance
  3349 | D:4      | Reached ** piety under Elyvilon
  3349 | D:4      | Noticed Sigmund
  3367 | D:4      | HP: 2/42 [Sigmund/+0 scythe (10)]
  3379 | D:4      | Killed Sigmund
  3379 | D:4      | Reached skill level 1 in Invocations
  3379 | D:4      | Reached XP level 6. HP: 23/50 MP: 5/10
  3496 | D:4      | Found a burning altar of Makhleb.
  3655 | D:4      | Found Zaozudim's Antique Weapon Boutique.
  3658 | D:4      | Noticed Edmund
  3675 | D:4      | Slain by Edmund

Levels and vault maps discovered:
D:1:      dpeg_arrival_solitude, layout_basic
D:2:      layout_basic, elyvilon_altar_4
D:3:      layout_basic, portal_sewer_entry_e, ebering_ghost_gozag,
          serial_forest, infiniplex_forest_zigzag_1, infiniplex_forest_lined_2,
          infiniplex_forest_straight_1, infiniplex_forest_lined_room_3,
          infiniplex_forest_lined_3_way
D:4:      layout_gridville, bloody_makhleb, serial_shops, shop, uniq_edmund,
          uniq_sigmund

Skill      XL: |  1  2  3  4  5 |
---------------+----------------+-----
Short Blades   | 1 2 |  2.9
Spellcasting   | 2 3 |  3.2
Stealth        | 4 |  4.7
Hexes          | 3 |  3.6
Ice Magic      | 1 |  1.6
Invocations    | 1 |  1.0
Fighting       | |  0.5
Dodging        | |  2.1

Action                   |  1- 3 |  4- 6 || total
-------------------------+-------+-------++-------
Melee: Dagger            |    97 |   127 ||   224
 Cast: Ensorcelled Hiber |    22 |    23 ||    45
       Corona            |     2 |       ||     2
       Confuse           |       |     2 ||     2
Invok: Lesser Healing    |       |     4 ||     4
 Abil: Heal Wounds       |     1 |     6 ||     7
Evoke: Wand              |       |     3 ||     3
  Use: Scroll            |     3 |       ||     3
 Stab: Sleeping          |    15 |    16 ||    31
  Eat: Chunk             |     5 |     7 ||    12
       Ration            |       |     1 ||     1
Armor: Robe              |    14 |    12 ||    26
Dodge: Dodged            |    51 |    73 ||   124

Table legend:
 A = Non-vault XP
 B = Vault XP
 C = Vault XP percentage of total XP
 D = Non-vault monster count
 E = Vault monster count
 F = Vault count percentage of total count
                 A         B        C        D         E       F
            +---------+---------+-------+---------+---------+-------
      Total |     299 |     267 |  47.2 |      54 |       9 |  14.3
            +---------+---------+-------+---------+---------+-------
        D:1 |      24 |       0 |   0.0 |      14 |       0 |   0.0
        D:2 |      44 |       0 |   0.0 |      13 |       0 |   0.0
        D:3 |     215 |      47 |  17.9 |      25 |       8 |  24.2
        D:4 |      16 |     220 |  93.2 |       2 |       1 |  33.3
            +---------+---------+-------+---------+---------+-------
